 Dungeon Crawl Stone Soup version 0.21.1-1-g345015f (webtiles) character file.

1304 tidbits the Insei (level 8, 39/61 HPs)
             Began as a Gnoll Transmuter on Feb 14, 2018.
             Quit the game on level 4 of the Dungeon.
             The game lasted 00:16:12 (1574 turns).

tidbits the Insei (Gnoll Transmuter)                Turns: 1574, Time: 00:16:13

Health: 39/61      AC:  6    Str: 13    XL:     8   Next: 57%
Magic:  17/17      EV: 21    Int: 17    God:
Gold:   174        SH:  7    Dex: 16    Spells: 8/19 levels left

rFire    . . .     SeeInvis .     - Unarmed
rCold    . . .     Gourm    +   D - +2 buckler
rNeg     . . .     Faith    .   B - +0 robe
rPois    .         Spirit   .   E - +2 helmet
rElec    .         Reflect  .   (no cloak)
rCorr    .         Harm     .   (no gloves)
MR       +....                  (no boots)
Stlth    ++........             h - amulet of the gourmand
HPRegen  0.20/turn              V - +5 ring of evasion
MPRegen  0.15/turn              (no ring)

@: no status effects
A: distributed training, fangs 1, rugged brown scales 1, magic resistance 1,
strong nose
a: no special abilities


You were on level 4 of the Dungeon.
You were not hungry.

You visited 2 branches of the dungeon, and saw 8 of its levels.
You also visited: Ossuary.

You collected 174 gold pieces.

Inventory:

Hand Weapons
 e - a +0 short sword
 f - a +1 dagger
 m - a +0 morningstar
Missiles
 a - 93 arrows
 j - 5 tomahawks (quivered)
Armour
 B - a +0 robe (worn)
 D - a +2 buckler (worn)
 E - a +2 helmet (worn)
 F - a +0 pair of boots
Jewellery
 h - an amulet of the gourmand (around neck)
   (You found it on level 2 of the Dungeon)
 V - a +5 ring of evasion (left hand)
   (You found it on level 1 of the Dungeon)
Wands
 k - a wand of iceblast (11)
 t - a wand of paralysis (16)
Scrolls
 g - a scroll of enchant weapon
 n - a scroll of noise
 u - 2 scrolls of teleportation
 w - a scroll of remove curse {unknown}
Potions
 i - a potion of might
 l - a potion of lignification
 p - a potion of magic {unknown}
 q - a potion of ambrosia {unknown}
 r - a potion of cancellation {unknown}
 s - a potion of resistance
 v - a potion of brilliance
Books
 c - a book of Changes

   Spells                             Type                      Level
   a - Beastly Appendage              Transmutation                1
   b - Sticks to Snakes               Transmutation                2
   c - Spider Form                    Transmutation/Poison         3
   d - Ice Form                       Ice/Transmutation            4
   e - Blade Hands                    Transmutation                5
Comestibles
 d - 11 rations


   Skills:
 + Level 4.2 Fighting
 + Level 3.3 Short Blades
 + Level 3.3 Long Blades
 + Level 3.3 Axes
 + Level 3.3 Maces & Flails
 + Level 3.3 Polearms
 + Level 3.3 Staves
 + Level 3.3 Slings
 + Level 3.3 Bows
 + Level 3.3 Crossbows
 + Level 3.3 Throwing
 + Level 3.3 Armour
 + Level 5.7 Dodging
 + Level 3.3 Stealth
 + Level 3.3 Shields
 + Level 7.4 Unarmed Combat
 + Level 6.1 Spellcasting
 + Level 2.7 Conjurations
 + Level 2.7 Hexes
 + Level 2.7 Charms
 + Level 2.7 Summonings
 + Level 2.7 Necromancy
 + Level 2.7 Translocations
 + Level 4.7 Transmutations
 + Level 2.7 Fire Magic
 + Level 2.7 Ice Magic
 + Level 2.7 Air Magic
 + Level 2.7 Earth Magic
 + Level 2.7 Poison Magic
 + Level 3.6 Invocations
 + Level 3.3 Evocations


You had 8 spell levels left.
You knew the following spells:

 Your Spells              Type           Power        Failure   Level  Hunger
e - Beastly Appendage     Tmut           ###...       1%          1    None
h - Blade Hands           Tmut           ###.......   47%         5    #####..
k - Sticks to Snakes      Tmut           ###.....     3%          2    None
p - Spider Form           Tmut/Pois      ###.......   9%          3    ##.....


Dungeon Overview and Level Annotations

Branches:
Dungeon (7/15)             Temple (1/1) D:7

Altars:
Elyvilon
Gozag
Hepliaklqana
Makhleb
Nemelex Xobeh
Okawaru
Qazlal
Ru
Sif Muna
Trog
Uskayaw
Zin
The Shining One

Annotations:
D:3 Sigmund; batai666's ghost, amateur GrEE


Innate Abilities, Weirdness & Mutations

Your experience applies equally to all skills.
You have very sharp teeth.
Your uncanny sense of smell can sniff out nearby items.
You are partially covered in rugged brown scales. (AC +1, +3% HP)
You are resistant to hostile enchantments. (MR+)


Message History

You smack the adder!
You kill the adder!
The orc hits you but does no damage.
You hit the orc.
The orc is lightly wounded.
The crimson imp blinks!
The orc hits you but does no damage.
You hit the orc but do no damage.
The orc is lightly wounded.
The crimson imp blinks!
You block the orc's attack.
Unknown command.
You smack the orc!
You kill the orc!
The crimson imp lashes its tail.
The crimson imp blinks!
What are your orders? t - Creak!
Orders for allies: a - Attack new target. r - Retreat! s - Stop attacking. g - Guard the area. f - Follow me.
Anything else - Cancel.
You creak for attention!
It was a potion of agility.
You feel agile all of a sudden.
The crimson imp shouts, "Run away, thou odious dread-bolted apple-john!"
Unknown command.
Your transformation is almost over.
You hit the crimson imp.
The crimson imp is moderately wounded.
The crimson imp hits you but does no damage.
The adder hisses angrily.
You hit the crimson imp.
The crimson imp is heavily wounded.
The crimson imp hits you but does no damage.
Unknown command.
You smack the crimson imp!
The crimson imp is almost dead.
The crimson imp hits you but does no damage.
You pummel the crimson imp!!
You kill the crimson imp!
You barely miss the adder. The adder bites you but does no damage.
You closely miss the adder. The adder bites you but does no damage.
You closely miss the adder. The adder bites you but does no damage.
You smack the adder!
The adder is almost dead.
The adder bites you but does no damage.
You barely miss the adder.
The adder is almost dead.
The adder bites you but does no damage.
You pummel the adder!!
You kill the adder!
You feel less wooden.
Your +2 helmet unmelds from your body.
Your +0 robe unmelds from your body.
a - 72 arrows (gained 10)
Found a stone staircase leading up.
You see here an arrow.
You see here an arrow.
You see here an uncursed shortbow.
Things that are here:
an uncursed shortbow; 21 arrows; a centaur corpse
a - 93 arrows (gained 21)
An orc priest comes into view.
Found a spear.
You catch the helpless orc priest completely off-guard!
You hit the orc priest.
The orc priest is moderately wounded.
The orc priest completely misses you.
Casting: Sticks to Snakes
Confirm with . or Enter, or press ? or * to list all spells.
You turn into a venomous arachnid creature.
Your +2 helmet melds into your body.
Your +2 buckler melds into your body.
Your +0 robe melds into your body.
The orc priest mumbles some strange prayers to Beogh against you.
Beogh smites you!
* * * LOW HITPOINT WARNING * * *
You bite the orc priest!
The orc priest is poisoned.
The orc priest is almost dead.
You kill the orc priest!
You see here 16 gold pieces.
You now have 174 gold pieces (gained 16).
Your transformation is almost over.
Things that are here:
an uncursed shortbow; a centaur corpse Your transformation has ended.
Your +2 helmet unmelds from your body.
Your +2 buckler unmelds from your body.
Your +0 robe unmelds from your body.
You see here an arrow.
You are feeling hungry.
Found a ration.
You see here a ration.
You eat the ration.
That ration really hit the spot!
You feel a little less agile now.
There is a stone staircase leading up here.
You climb upwards.
There is a stone staircase leading down here.
Unknown command.
Okay, then.
As you read the scroll of magic mapping, it crumbles to dust.
You feel aware of your surroundings.
You sensed 1 altar.
Unknown command.
Are you sure you want to abandon this character and quit the game? (Confirm with "yes".)

,,,*
**,,*****,,*
**,* **,*
#..# *,* *,*
#..# *,* *,*
#..# *,*
*<*****..#
*,*
*,,,,,,..#
*,*
******,#.#
*,* *,,,,#.#
*,* *,***#@#
*,* *,* #.#
*,* *,* #.#
*,* *,* #.#
**,* *,* #.#
,,,* *,* #.#
***********,*
#.#
*,,,,,,,,,,*
#.#
*,**********
*,*


There were no monsters in sight!

Vanquished Creatures
  The ghost of batai666 the Digger, a novice GrEE of Vehumet (D:5)
  A phantom (D:6)
  2 black bears (D:6)
  2 centaurs (D:5)
  A bullfrog (D:6)
  2 howler monkeys (D:7)
  2 crimson imps (D:5)
  A hound (D:7)
  An orc priest (D:5)
  2 worker ants
  A hound zombie (D:5)
  Robin (D:3)
  2 adders (D:5)
  An ooze (D:3)
  An adder zombie (D:5)
  4 worms
  A dart slug (D:1)
  4 leopard geckos
  7 orcs
  4 giant cockroaches
  16 goblins
  9 hobgoblins
  2 quokkas (D:6)
  6 bats
  A frilled lizard (D:2)
  A giant cockroach zombie (D:6)
  7 kobolds
  A quokka zombie (D:6)
  3 rats
87 creatures vanquished.

Vanquished Creatures (collateral kills)
  A centaur skeleton (D:7)
  A goblin (D:3)
  A hobgoblin (D:3)
  A kobold (D:2)
4 creatures vanquished.

Grand Total: 91 creatures vanquished

Notes
Turn   | Place    | Note
-------+----------+-------------------------------------------
     0 | D:1      | tidbits the Gnoll Transmuter began the quest for the Orb.
     0 | D:1      | Reached XP level 1. HP: 17/17 MP: 6/6
    60 | D:1      | Reached XP level 2. HP: 21/23 MP: 5/7
    64 | D:1      | Learned a level 2 spell: Sticks to Snakes
   140 | D:2      | Found a glowing golden altar of the Shining One.
   140 | D:2      | Found a deep blue altar of Sif Muna.
   291 | D:2      | Reached skill level 5 in Spellcasting
   291 | D:2      | Reached XP level 3. HP: 6/28 MP: 5/9
   297 | D:2      | Learned a level 3 spell: Spider Form
   446 | D:2      | Reached skill level 1 in Invocations
   517 | D:3      | Noticed Sigmund
   601 | D:3      | Reached skill level 1 in Short Blades
   601 | D:3      | Reached skill level 1 in Long Blades
   601 | D:3      | Reached skill level 1 in Axes
   601 | D:3      | Reached skill level 1 in Maces & Flails
   601 | D:3      | Reached skill level 1 in Polearms
   601 | D:3      | Reached skill level 1 in Staves
   601 | D:3      | Reached skill level 1 in Slings
   601 | D:3      | Reached skill level 1 in Bows
   601 | D:3      | Reached skill level 1 in Crossbows
   601 | D:3      | Reached skill level 1 in Throwing
   601 | D:3      | Reached skill level 1 in Armour
   601 | D:3      | Reached skill level 1 in Stealth
   601 | D:3      | Reached skill level 1 in Shields
   601 | D:3      | Reached skill level 1 in Evocations
   620 | D:3      | Reached XP level 4. HP: 33/34 MP: 4/11
   677 | D:3      | Noticed Robin
   685 | D:3      | Killed Robin
   691 | D:3      | Reached skill level 1 in Conjurations
   691 | D:3      | Reached skill level 1 in Hexes
   691 | D:3      | Reached skill level 1 in Charms
   691 | D:3      | Reached skill level 1 in Summonings
   691 | D:3      | Reached skill level 1 in Necromancy
   691 | D:3      | Reached skill level 1 in Translocations
   691 | D:3      | Reached skill level 1 in Fire Magic
   691 | D:3      | Reached skill level 1 in Ice Magic
   691 | D:3      | Reached skill level 1 in Air Magic
   691 | D:3      | Reached skill level 1 in Earth Magic
   691 | D:3      | Reached skill level 1 in Poison Magic
   722 | D:3      | Noticed batai666's ghost (amateur GrEE)
   745 | D:5      | Entered Level 5 of the Dungeon
   839 | D:6      | Found a bloodstained altar of Trog.
   839 | D:6      | Noticed a black bear
   841 | D:6      | Noticed a black bear
   846 | D:6      | Killed a black bear
   846 | D:6      | Reached skill level 3 in Fighting
   846 | D:6      | Reached skill level 4 in Transmutations
   846 | D:6      | Reached XP level 5. HP: 41/41 MP: 3/12
   850 | D:6      | Killed a black bear
   850 | D:6      | Reached skill level 2 in Invocations
   850 | D:6      | Reached XP level 6. HP: 43/47 MP: 4/13
   869 | D:5      | Gained mutation: You tend to lose your temper in combat. [potion of mutation]
   869 | D:5      | Gained mutation: You are partially covered in icy blue scales. (AC +2) [potion of mutation]
   875 | D:5      | Reached skill level 2 in Short Blades
   875 | D:5      | Reached skill level 2 in Long Blades
   875 | D:5      | Reached skill level 2 in Axes
   875 | D:5      | Reached skill level 2 in Maces & Flails
   875 | D:5      | Reached skill level 2 in Polearms
   875 | D:5      | Reached skill level 2 in Staves
   875 | D:5      | Reached skill level 2 in Slings
   875 | D:5      | Reached skill level 2 in Bows
   875 | D:5      | Reached skill level 2 in Crossbows
   875 | D:5      | Reached skill level 2 in Throwing
   875 | D:5      | Reached skill level 2 in Armour
   875 | D:5      | Reached skill level 5 in Dodging
   875 | D:5      | Reached skill level 2 in Stealth
   875 | D:5      | Reached skill level 2 in Shields
   875 | D:5      | Reached skill level 2 in Evocations
   892 | D:5      | Noticed batai666's ghost (novice GrEE)
   986 | D:6      | Found an opulent altar of Gozag.
  1008 | D:6      | Noticed a phantom
  1015 | D:6      | Learned a level 5 spell: Blade Hands
  1110 | D:6      | Killed a phantom
  1110 | D:6      | Reached XP level 7. HP: 52/52 MP: 11/15
  1126 | D:6      | Found a sand-covered staircase.
  1132 | Ossuary  | Entered an ossuary
  1159 | Ossuary  | Lost mutation: You tend to lose your temper in combat. [potion of mutation]
  1159 | Ossuary  | Lost mutation: You are partially covered in icy blue scales. (AC +2) [potion of mutation]
  1159 | Ossuary  | Gained mutation: Your system is resistant to poisons. (rPois) [potion of mutation]
  1159 | Ossuary  | Gained mutation: You have a pair of small antennae on your head. [potion of mutation]
  1160 | Ossuary  | Lost mutation: You have a pair of small antennae on your head. [potion of mutation]
  1160 | Ossuary  | Lost mutation: Your system is resistant to poisons. (rPois) [potion of mutation]
  1160 | Ossuary  | Gained mutation: You are partially covered in rugged brown scales. (AC +1, +3% HP) [potion of mutation]
  1160 | Ossuary  | Gained mutation: You are resistant to hostile enchantments. (MR+) [potion of mutation]
  1209 | D:6      | Reached skill level 7 in Unarmed Combat
  1334 | D:7      | Found a staircase to the Ecumenical Temple.
  1341 | Temple   | Entered the Ecumenical Temple
  1415 | D:7      | Reached skill level 2 in Conjurations
  1415 | D:7      | Reached skill level 2 in Hexes
  1415 | D:7      | Reached skill level 2 in Charms
  1415 | D:7      | Reached skill level 2 in Summonings
  1415 | D:7      | Reached skill level 2 in Necromancy
  1415 | D:7      | Reached skill level 2 in Translocations
  1415 | D:7      | Reached skill level 2 in Fire Magic
  1415 | D:7      | Reached skill level 2 in Ice Magic
  1415 | D:7      | Reached skill level 2 in Air Magic
  1415 | D:7      | Reached skill level 2 in Earth Magic
  1415 | D:7      | Reached skill level 2 in Poison Magic
  1489 | D:5      | Killed batai666's ghost
  1489 | D:5      | Reached skill level 4 in Fighting
  1489 | D:5      | Reached skill level 3 in Short Blades
  1489 | D:5      | Reached skill level 3 in Long Blades
  1489 | D:5      | Reached skill level 3 in Axes
  1489 | D:5      | Reached skill level 3 in Maces & Flails
  1489 | D:5      | Reached skill level 3 in Polearms
  1489 | D:5      | Reached skill level 3 in Staves
  1489 | D:5      | Reached skill level 3 in Slings
  1489 | D:5      | Reached skill level 3 in Bows
  1489 | D:5      | Reached skill level 3 in Crossbows
  1489 | D:5      | Reached skill level 3 in Throwing
  1489 | D:5      | Reached skill level 3 in Armour
  1489 | D:5      | Reached skill level 3 in Stealth
  1489 | D:5      | Reached skill level 3 in Shields
  1489 | D:5      | Reached skill level 3 in Invocations
  1489 | D:5      | Reached skill level 3 in Evocations
  1489 | D:5      | Reached XP level 8. HP: 58/61 MP: 8/16
  1492 | D:5      | Reached skill level 6 in Spellcasting
  1574 | D:4      | Quit the game

Skill      XL: |  1  2  3  4  5  6  7  8 |
---------------+-------------------------+-----
Spellcasting   | 5 6 |  6.1
Invocations    | 1 2 3 |  3.6
Short Blades   | 1 2 3 |  3.3
Long Blades    | 1 2 3 |  3.3
Axes           | 1 2 3 |  3.3
Maces & Flails | 1 2 3 |  3.3
Polearms       | 1 2 3 |  3.3
Staves         | 1 2 3 |  3.3
Slings         | 1 2 3 |  3.3
Bows           | 1 2 3 |  3.3
Crossbows      | 1 2 3 |  3.3
Throwing       | 1 2 3 |  3.3
Armour         | 1 2 3 |  3.3
Stealth        | 1 2 3 |  3.3
Shields        | 1 2 3 |  3.3
Evocations     | 1 2 3 |  3.3
Conjurations   | 1 2 |  2.7
Hexes          | 1 2 |  2.7
Charms         | 1 2 |  2.7
Summonings     | 1 2 |  2.7
Necromancy     | 1 2 |  2.7
Translocations | 1 2 |  2.7
Fire Magic     | 1 2 |  2.7
Ice Magic      | 1 2 |  2.7
Air Magic      | 1 2 |  2.7
Earth Magic    | 1 2 |  2.7
Poison Magic   | 1 2 |  2.7
Fighting       | 3 4 |  4.2
Transmutations | 4 |  4.7
Dodging        | 5 |  5.7
Unarmed Combat | 7 |  7.4

Action                   |  1- 3 |  4- 6 |  7- 9 || total
-------------------------+-------+-------+-------++-------
Melee: Unarmed           |    84 |    89 |    57 ||   230
       Kick              |     8 |       |       ||     8
       Bite              |     2 |       |       ||     2
       Headbutt          |     1 |       |       ||     1
       Punch             |       |       |     1 ||     1
 Cast: Beastly Appendage |     8 |       |       ||     8
       Sticks to Snakes  |     1 |     6 |     5 ||    12
       Spider Form       |    11 |    12 |     5 ||    28
 Abil: End Transformatio |     1 |       |       ||     1
  Use: Scroll            |       |     6 |     6 ||    12
       Potion            |       |     2 |     4 ||     6
 Stab: Sleeping          |     3 |       |       ||     3
       Distracted        |       |     1 |     2 ||     3
  Eat: Chunk             |       |     2 |     2 ||     4
       Ration            |       |       |     1 ||     1
Armor: Robe              |     2 |       |     1 ||     3
       Skin              |     2 |     4 |    46 ||    52
Dodge: Dodged            |    58 |    65 |    29 ||   152
Block: Buckler           |       |       |    18 ||    18

Table legend:
 A = Turns spent in this place as a percentage of turns spent in the entire game.
 B = Non-inter-level travel turns spent in this place as a percentage of non-inter-level travel turns spent in the entire game.
 C = Inter-level travel turns spent in this place as a percentage of turns spent in this place.
 D = Turns resting spent in this place as a percentage of non-inter-level travel turns spent in this place.
 E = Turns spent auto-exploring this place as a percentage of non-inter-level travel turns spent in this place.
 F = Non-inter-level travel turns spent in this place divided by the number of levels of this place that you've seen.
                   A       B       C       D       E      F
               +-------+-------+-------+-------+-------+----------------------
         Total | 100.0 | 100.0 |   0.1 |   0.0 |   0.0 | 174.8
       Dungeon |  92.8 |  92.8 |   0.1 |   0.0 |   0.0 | 208.4
        Temple |   3.3 |   3.3 |   0.0 |   0.0 |   0.0 |  52.0
       Ossuary |   3.9 |   3.9 |   0.0 |   0.0 |   0.0 |  62.0
               +-------+-------+-------+-------+-------+----------------------

Table legend:
 A = Kills in this place as a percentage of kills in entire the game.
 B = Kills by you in this place as a percentage of kills by you in the entire game.
 C = Kills by friends in this place as a percentage of kills by friends in the entire game.
 D = Other kills in this place as a percentage of other kills in the entire game.
 E = Experience gained in this place as a percentage of experience gained in the entire game.
 F = Experience gained in this place divided by the number of levels of this place that you have seen.
                   A       B       C       D       E      F
               +-------+-------+-------+-------+-------+----------------------
         Total | 100.0 | 100.0 | 100.0 |   N/A | 100.0 | 207.1
       Dungeon | 100.0 | 100.0 | 100.0 |   N/A | 100.0 | 266.3
               +-------+-------+-------+-------+-------+----------------------

Vault maps used:
D:1:      arrival_zaba_pyramid
D:2:      gammafunk_temple_overflow_statue, gammafunk_temple_overflow_pools,
          minmay_tetromino_s2, uniq_crazy_yiuf_cottage
D:3:      corexii_shack_village, xom_teletrap_fun, portal_sewer_entry_c,
          okawaru_trees_2, uniq_jessica, uniq_sigmund, uniq_robin, uniq_natasha
D:4:      lemuel_zombie_altar_yredelemnul
D:5:      first_ration, basic_altar
D:6:      lemuel_crystal_altar, trog_ov_bears_minmay, enter_ossuary_5,
          fedhas_altar_fruit_tree
D:7:      old_standard_altar, kennysheep_vampire_church,
          minmay_temple_entry_mist, uniq_prince_ribbit1
Temple:   dpeg_three_leaves_temple
Ossuary:  ossuary_minmay_four_chambers
